 Dungeon Crawl Stone Soup version 0.19-a0-262-g5df7875 (webtiles) character file.

79155 ololoev the Covert (level 15, -2/73 HPs)
             Began as a Spriggan Enchanter on May 24, 2016.
             Was a High Priest of Dithmenos.
             Slain by a spark wasp (14 damage)
             ... on level 2 of the Depths on May 25, 2016.
             The game lasted 01:19:16 (20604 turns).

ololoev the Covert (Spriggan Enchanter)            Turns: 20604, Time: 01:19:18

Health: -2/73      AC:  5    Str:  7    XL:     15   Next: 20%
Magic:  10/32      EV: 30    Int: 27    God:    Dithmenos [*****.]
Gold:   1190       SH:  8    Dex: 19    Spells: 6 memorised, 20 levels left

rFire  . . .     SeeInvis +     a - +8 rapier "Vasun" {speed, Int+2 Dex+2}
rCold  + . .     Gourm    .     I - +0 troll leather armour
rNeg   . . .     Faith    .     h - +0 buckler
rPois  .         Spirit   .     z - +0 hat of a ziggurat {*Drain Int+5 Slay+5}
rElec  .         Dismiss  .     l - +0 cloak
rCorr  .         Reflect  .     (gloves unavailable)
SustAt .         Harm     .     (boots unavailable)
MR     ++...                    D - amulet of regeneration
Stlth  ++++++++++               o - ring of protection from cold
                                N - +2 ring of evasion

@: wreathed by umbra, very quick, very resistant to hostile enchantments,
uncannily stealthy
A: unfitting armour, see invisible, herbivore 3, speed 3, slow metabolism 2
a: Shadow Step, Shadow Form, Renounce Religion


Innate Abilities, Weirdness & Mutations

You are tiny and cannot use many weapons and most armour.
You have supernaturally acute eyesight. (SInv)
You are a herbivore.
You cover ground extremely quickly.
You need consume almost no food.

Inventory:

Hand Weapons
 a - the +8 rapier "Vasun" (weapon) {speed, Int+2 Dex+2}
   (You bought it in a shop on level 14 of the Dungeon)

   Attacks with this weapon are significantly faster.
   It affects your intelligence (+2).
   It affects your dexterity (+2).
 b - a +2 dagger of electrocution
Missiles
 s - 3 throwing nets (quivered)
Armour
 h - a +0 buckler (worn)
 l - a +0 cloak (worn)
 z - the +0 hat of a ziggurat (worn) {*Drain Int+5 Slay+5}
   (You acquired it on level 13 of the Dungeon)

   It affects your intelligence (+5).
   It affects your accuracy and damage with ranged weapons and melee attacks
   (+5).
   It causes draining when unequipped.
 I - a +0 troll leather armour (worn)
Jewellery
 o - a ring of protection from cold (right hand)
 D - an amulet of regeneration (around neck)
 N - a +2 ring of evasion (left hand)
Wands
 x - a wand of digging (10/24)
 C - a wand of polymorph (15/24)
 L - a wand of acid (0/15)
 M - a wand of heal wounds (2/9)
Scrolls
 c - 3 scrolls of enchant armour
 e - 3 scrolls of amnesia
 f - 5 scrolls of magic mapping
 m - 4 scrolls of fog
 q - 3 scrolls of teleportation
 r - a scroll of immolation {unknown}
 y - 6 scrolls of remove curse
 A - a scroll of blinking {unknown}
 E - a scroll of enchant weapon
Potions
 g - 2 potions of heal wounds
 i - 2 potions of resistance
 k - 4 potions of ambrosia
 n - 5 potions of curing
 p - a potion of magic
 t - a potion of haste {unknown}
 u - a potion of flight
 B - a potion of lignification
 F - a potion of agility
 H - a potion of brilliance
Miscellaneous
 v - a fan of gales
 w - a plain deck of summoning {drawn: 4}
 J - a plain deck of wonders
Comestibles
 d - 8 bread rations
 j - 14 fruits


   Skills:
 + Level 6.1 Fighting
 * Level 13.6 Short Blades
 - Level 3.0 Armour
 + Level 12.9 Dodging
 + Level 14.2 Stealth
 + Level 6.0 Shields
 - Level 12.2 Spellcasting
 + Level 13.8 Hexes
 - Level 5.5 Charms
 + Level 7.3 Invocations


You had 20 spell levels left.
You knew the following spells:

 Your Spells              Type           Power        Failure   Level  Hunger
a - Regeneration          Chrm/Necr      ####......   8%          3    None
b - Ensorcelled Hibernat  Hex/Ice        ######       1%          2    None
c - Confuse               Hex            ######..     1%          3    None
d - Tukima's Dance        Hex            ######..     1%          3    None
f - Fulminant Prism       Conj/Hex       ######....   3%          4    None
s - Dazzling Spray        Conj/Hex       ######       1%          3    None


You were on level 2 of the Depths.
You worshipped Dithmenos.
Dithmenos was extremely pleased with you.
You were not hungry.

You visited 2 branches of the dungeon, and saw 17 of its levels.

You collected 1379 gold pieces.
You spent 189 gold pieces at shops.

#.. #.. ..# #... ..# ##
#... ...# .###.
...#####...####.
....####..............#
..#....#.............#
#.§§..y#............#
#.y§##@.#.#.........#
#.§§§§#...#.........#
#§§§#...#.........#
#§§§§§§#.............#
...#§§§§#§.............#
. ..####§........<.....#
∩.# .................# .
##................#
#..........>.....#

Notes
Turn   | Place    | Note
--------------------------------------------------------------
     0 | D:1      | ololoev the Spriggan Enchanter began the quest for the Orb.
     0 | D:1      | Reached XP level 1. HP: 9/9 MP: 5/5
   433 | D:1      | Reached XP level 2. HP: 13/13 MP: 6/6
   437 | D:1      | Learned a level 2 spell: Ensorcelled Hibernation
   691 | D:1      | Reached XP level 3. HP: 16/16 MP: 8/8
   696 | D:1      | Learned a level 3 spell: Confuse
  1112 | D:2      | Reached XP level 4. HP: 19/21 MP: 10/10
  1815 | D:3      | Noticed Terence
  1817 | D:3      | Killed Terence
  1817 | D:3      | Reached skill level 5 in Stealth
  1896 | D:3      | Reached XP level 5. HP: 24/24 MP: 4/11
  1911 | D:3      | Learned a level 3 spell: Tukima's Dance
  1980 | D:3      | Found a sacrificial altar of Ru.
  1981 | D:3      | Found a snail-covered altar of Cheibriados.
  1988 | D:3      | Found a burning altar of Makhleb.
  2067 | D:3      | Found a glowing silver altar of Zin.
  2092 | D:3      | Wingboner: Фальши одноручные.
  2093 | D:3      | ololoev: для прыгунов - да
  2093 | D:3      | ololoev: хотя
  2093 | D:3      | Wingboner: О, брендовый ножик.
  2093 | D:3      | ololoev: не помню точно
  2093 | D:3      | Wingboner: Да для всех. Ну, кроме котов.
  2093 | D:3      | ololoev: да
  2108 | D:3      | Wingboner: Лол.
  2169 | D:3      | Found a shadowy altar of Dithmenos.
  2179 | D:3      | Became a worshipper of Dithmenos the Shadowed
  2181 | D:3      | Wingboner: ЛОЛ
  2181 | D:3      | ololoev: лол
  2181 | D:3      | ololoev: так
  2181 | D:3      | ololoev: как-то я этого не учел
  2188 | D:2      | Wingboner: У меня так было с вампириком и добробогами.
  2362 | D:3      | Wingboner: И с хаосом в другой раз.
  2477 | D:3      | Found a bloodstained altar of Trog.
  3671 | D:3      | Reached skill level 5 in Hexes
  3759 | D:3      | Reached * piety under Dithmenos
  3832 | D:3      | Reached XP level 6. HP: 22/28 MP: 1/13
  4858 | D:3      | Reached ** piety under Dithmenos
  4858 | D:3      | Reached skill level 5 in Dodging
  4858 | D:3      | Reached skill level 5 in Spellcasting
  5011 | D:3      | Reached XP level 7. HP: 32/32 MP: 12/15
  5065 | D:4      | Noticed Purgy
  5087 | D:4      | Reached skill level 6 in Stealth
  5097 | D:4      | Killed Purgy
  5434 | D:4      | Found an oddly glowing altar of Pakellas.
  5450 | D:4      | Found a basalt altar of Yredelemnul.
  5456 | D:4      | Found a blossoming altar of Fedhas.
  5469 | D:4      | Noticed Menkaure
  5484 | D:4      | Killed Menkaure
  5490 | D:4      | Reached skill level 5 in Short Blades
  5593 | D:4      | Found an ancient bone altar of Kikubaaqudgha.
  5724 | D:4      | Noticed DEFE's ghost (amateur DrFi)
  5752 | D:4      | Killed DEFE's ghost
  5752 | D:4      | Reached XP level 8. HP: 36/36 MP: 15/18
  5834 | D:4      | Found a white marble altar of Elyvilon.
  6104 | D:4      | Found a staircase to the Ecumenical Temple.
  6324 | D:5      | Entered Level 5 of the Dungeon
  6360 | D:5      | Reached skill level 7 in Stealth
  6856 | D:5      | Reached *** piety under Dithmenos
  7356 | D:6      | Found a hazy altar of Hepliaklqana.
  7451 | D:6      | Reached XP level 9. HP: 39/39 MP: 18/21
  7511 | D:6      | Found a shimmering altar of Xom.
  8101 | D:7      | Reached skill level 8 in Stealth
  8362 | D:7      | Found an iron altar of Okawaru.
  8552 | D:7      | Found a sparkling altar of Nemelex Xobeh.
  8573 | D:7      | Found a deep blue altar of Sif Muna.
  8820 | D:7      | Reached **** piety under Dithmenos
  9016 | D:8      | Learned a level 3 spell: Regeneration
  9595 | D:8      | Reached XP level 10. HP: 44/44 MP: 22/24
  9793 | D:9      | Reached ***** piety under Dithmenos
  9881 | D:9      | Found a staircase to the Lair.
  9943 | D:9      | Reached skill level 1 in Invocations
 10112 | D:9      | Reached skill level 9 in Stealth
 10687 | D:9      | Reached skill level 10 in Spellcasting
 10840 | D:9      | Reached skill level 1 in Fighting
 11079 | D:9      | Reached skill level 10 in Hexes
 11175 | D:10     | Entered Level 10 of the Dungeon
 11540 | D:10     | Reached skill level 10 in Stealth
 11714 | D:10     | Reached XP level 11. HP: 49/49 MP: 23/26
 11825 | D:10     | Noticed a tengu warrior
 11829 | D:10     | Killed a tengu warrior
 11903 | D:10     | Noticed Joseph
 11913 | D:10     | Killed Joseph
 11977 | D:10     | Found a staircase to the Orcish Mines.
 12391 | D:11     | Reached ****** piety under Dithmenos
 12728 | D:11     | Noticed casual's ghost (journeyman VSFi)
 12749 | D:11     | Killed casual's ghost
 12806 | D:11     | Reached skill level 10 in Short Blades
 13164 | D:11     | Reached skill level 11 in Stealth
 13727 | D:11     | Found a sparkling altar of Nemelex Xobeh.
 13769 | D:11     | Found a hide-covered altar to Ukayaw.
 13783 | D:11     | Found a runed door.
 13784 | D:11     | Found a shimmering altar of Xom.
 13788 | D:11     | Found a hazy altar of Hepliaklqana.
 13920 | D:11     | Noticed a hill giant
 13927 | D:11     | Killed a hill giant
 14035 | D:11     | Found a hazy altar of Hepliaklqana.
 14073 | D:11     | Found a hide-covered altar to Ukayaw.
 14248 | D:11     | Noticed a flayed ghost
 14253 | D:11     | Killed a flayed ghost
 14253 | D:11     | Reached skill level 1 in Armour
 14253 | D:11     | Reached XP level 12. HP: 56/56 MP: 28/28
 14315 | D:12     | Found Pem Somp's Food Shop.
 14328 | D:12     | Noticed a four-headed hydra
 14329 | D:12     | Noticed Sonja
 14332 | D:12     | Killed a four-headed hydra
 14332 | D:12     | Reached skill level 1 in Shields
 14336 | D:12     | Killed Sonja
 15229 | D:13     | Reached skill level 10 in Dodging
 15677 | D:13     | Noticed a four-headed hydra
 15703 | D:13     | Killed a four-headed hydra
 15848 | D:13     | Identified 2 scrolls of acquirement
 15852 | D:13     | Got a crystal short sword
 15853 | D:13     | Identified the +2 short sword "Xilennis" {pierce, *Rage *Corrode rElec Str+9} (You acquired it on level 13 of the Dungeon)
 15858 | D:13     | Got a spiked hat
 15864 | D:13     | Identified the +0 hat of a ziggurat {*Drain Int+5 Slay+5} (You acquired it on level 13 of the Dungeon)
 15970 | D:13     | Reached skill level 1 in Charms
 16087 | D:14     | Found a gate to the Vaults.
 16087 | D:14     | Noticed Donald
 16087 | D:14     | Noticed Rupert
 16291 | D:14     | Found a burning altar of Makhleb.
 16324 | D:14     | Reached skill level 12 in Stealth
 16344 | D:14     | Reached XP level 13. HP: 61/61 MP: 16/30
 16481 | D:14     | Killed Rupert
 16795 | D:10     | Learned a level 3 spell: Dazzling Spray
 16800 | D:10     | Learned a level 4 spell: Fulminant Prism
 16968 | D:14     | Noticed Kirke
 17390 | D:14     | Reached skill level 5 in Invocations
 17405 | D:14     | Killed Kirke
 17538 | D:14     | Killed Donald
 17574 | D:14     | Found Iguege's Antique Weapon Boutique.
 17579 | D:14     | Bought a fine rapier for 189 gold pieces
 17579 | D:14     | Identified the +8 rapier "Vasun" {speed, Int+2 Dex+2} (You bought it in a shop on level 14 of the Dungeon)
 17847 | D:14     | Upgraded the game from 0.19-a0-231-gae044c8 to 0.19-a0-262-g5df7875
 18026 | D:14     | Reached skill level 5 in Charms
 18031 | D:14     | Noticed a shadow dragon
 18040 | D:14     | Killed a shadow dragon
 18257 | D:14     | Reached XP level 14. HP: 67/67 MP: 28/31
 18389 | D:15     | Entered Level 15 of the Dungeon
 18490 | D:15     | Noticed a green very ugly thing
 18492 | D:15     | Killed a green very ugly thing
 18564 | D:15     | Reached skill level 5 in Shields
 18567 | D:15     | Found a staircase to the Depths.
 18575 | D:15     | Reached skill level 5 in Fighting
 18622 | D:15     | Reached skill level 13 in Stealth
 19069 | Depths:1 | Entered Level 1 of the Depths
 19183 | Depths:1 | Noticed Jorgrun
 19185 | Depths:1 | Killed Jorgrun
 19632 | Depths:1 | Found a one-way gate leading to the halls of Pandemonium.
 19749 | Depths:1 | Noticed Mara
 19757 | Depths:1 | Killed Mara
 19987 | Depths:1 | Noticed a fire giant
 20079 | Depths:1 | Reached skill level 14 in Stealth
 20088 | Depths:1 | Reached XP level 15. HP: 73/73 MP: 28/32
 20253 | Depths:1 | Noticed Asterion
 20255 | Depths:1 | Killed Asterion
 20511 | Depths:1 | Found a gateway to Hell.
 20512 | Depths:1 | Noticed a frost giant
 20514 | Depths:1 | Killed a frost giant
 20592 | Depths:2 | Found a one-way gate to the infinite horrors of the Abyss.
 20592 | Depths:2 | Noticed Louise
 20594 | Depths:2 | Killed Louise
 20604 | Depths:2 | Slain by a spark wasp

Dungeon Overview and Level Annotations

Branches:
Dungeon (15/15) Temple (0/1) D:4 Lair (0/8) D:9 Orc (0/2) D:10 Vaults (0/5) D:13 D:14 Depths (2/5) D:15

Altars:
Cheibriados
Dithmenos
Elyvilon
Fedhas
Hepliaklqana
Kikubaaqudgha
Makhleb
Nemelex Xobeh
Okawaru
Pakellas
Ru
Sif Muna
Trog
Ukayaw
Xom
Yredelemnul
Zin

Shops:
D:12 %   D:14 (

Portals:
Hell: Depths:1 Depths:2
Abyss: Depths:2
Pandemonium: Depths:1


Message History

Louise and a spark wasp come into view.
Louise is wielding a hand axe of distortion.
Found a scroll of remove curse.
Found a one-way gate to the infinite horrors of the Abyss.
Use which ability? (? or * to list)
Aiming: Shadow Step
Press: ? - help, Dir - move target cursor, f - spark wasp
Aim: a spark wasp (resting, umbra)
You step into the spark wasp's shadow. 2 spark wasps come into view.
Found a gateway to Hell.
The helpless Louise fails to defend herself.
You stick Louise like a pincushion!!!!!
You kill Louise!
Dithmenos accepts your kill.
Your fan of gales has recharged.
The helpless spark wasp fails to defend itself.
You stick the spark wasp like a pincushion!!!!!
You kill the spark wasp!
Dithmenos accepts your kill.
Your Shields skill increases to level 6!
The spark wasp buzzes angrily. x2
Casting: Fulminant Prism
Confirm with . or Enter, or press ? or * to list all spells.
Aiming: Confuse
Press: ? - help, Shift-Dir - straight line, f - spark wasp
Aim: a spark wasp (umbra, chance to defeat MR: 67%)
The spark wasp struggles to resist.
The spark wasp completely misses you.
Casting: Confuse
Confirm with . or Enter, or press ? or * to list all spells.
Aiming: Confuse
Press: ? - help, Shift-Dir - straight line, f/p - spark wasp
Aim: a spark wasp (umbra, chance to defeat MR: 67%)
The spark wasp appears confused.
The spark wasp completely misses you.
Casting: Confuse
Confirm with . or Enter, or press ? or * to list all spells.
Aiming: Confuse
Press: ? - help, Shift-Dir - straight line, f - spark wasp, p - spark wasp
Aim: a spark wasp (umbra, chance to defeat MR: 67%)
The spark wasp struggles to resist.
The spark wasp misses you. The spark wasp barely misses you.
The spark wasp closely misses you. The spark wasp stings you!!
You emit a cloud of dark smoke.
The spark wasp shocks you!
Casting: Confuse
Confirm with . or Enter, or press ? or * to list all spells.
Aiming: Confuse
Press: ? - help, Shift-Dir - straight line, f/p - spark wasp
Aim: a spark wasp (black smoke, umbra, chance to defeat MR: 67%)
The spark wasp struggles to resist.
Your shadow mimicks your spell!
The spark wasp easily resists.
The spark wasp closely misses you.
Casting: Confuse
Confirm with . or Enter, or press ? or * to list all spells.
Aiming: Confuse
Press: ? - help, Shift-Dir - straight line, f/p - spark wasp
Aim: a spark wasp (black smoke, umbra, chance to defeat MR: 67%)
The spark wasp struggles to resist.
Your shadow mimicks your spell!
The spark wasp easily resists.
The spark wasp closely misses you. You block the spark wasp's attack.
Casting: Confuse
Confirm with . or Enter, or press ? or * to list all spells.
Aiming: Confuse
Press: ? - help, Shift-Dir - straight line, f/p - spark wasp
Aim: a spark wasp (black smoke, umbra, chance to defeat MR: 67%)
The spark wasp appears confused.
You see here a spark wasp corpse.
The spark wasp completely misses you.
Casting: Confuse
Confirm with . or Enter, or press ? or * to list all spells.
Aiming: Ensorcelled Hibernation
Press: ? - help, Shift-Dir - straight line, f - spark wasp
Aim: a spark wasp (confused, umbra, chance to defeat MR: 55%)
The spark wasp resists with some effort.
Your shadow mimicks your spell!
The spark wasp looks drowsy...
The spark wasp buzzes angrily.
The spark wasp closely misses you. The spark wasp stings you!!
The spark wasp shocks you!
You die...

You could see a spark wasp (confused).

Vanquished Creatures
  Jorgrun (Depths:1)
  Asterion (Depths:1)
  A shadow dragon (D:14)
  Kirke (D:14)
  A frost giant (Depths:1)
  Donald (D:14)
  Louise (Depths:2)
  A very ugly thing (D:15)
  6 slime creatures
  A spark wasp (Depths:2)
  4 ettins
  A yaktaur captain (Depths:1)
  2 ice dragons (Depths:1)
  4 hydras
  2 great orbs of eyes (Depths:1)
  2 rakshasas (Depths:1)
  A death knight (D:14)
  A centaur warrior (D:14)
  An ogre mage (Depths:1)
  4 tengu warriors
  A deep troll earth mage (D:14)
  A vampire mage (Depths:1)
  The ghost of casual the Slicer, a journeyman VSFi of Hepliaklqana (D:11)
  A skeletal warrior (D:14)
  Sonja (D:12)
  2 unseen horrors
  A flayed ghost (D:11)
  A sea snake (shapeshifter) (D:14)
  A deep troll (D:15)
  A deep elf archer (D:15)
  7 hill giants
  An orb spider (shapeshifter) (Depths:1)
  An orc sorcerer (D:14)
  15 ugly things
  A griffon (D:14)
  2 cyclopes (D:13)
  A wolf spider zombie (D:14)
  A wolf spider (D:15)
  2 deep elf magi
  3 manticores (D:11)
  A centaur zombie (D:14)
  Joseph (D:10)
  5 yaktaurs (Depths:1)
  3 gargoyles
  A kobold demonologist (D:14)
  A komodo dragon (D:14)
  An efreet (D:14)
  The ghost of DEFE the Skirmisher, an amateur DrFi (D:4)
  A tengu conjurer (D:15)
  6 two-headed ogres
  5 trolls
  A boulder beetle (D:9)
  A snapping turtle (shapeshifter) (D:14)
  A dancing weapon (D:12)
  4 shadows
  2 vampires
  3 wraiths (D:11)
  3 hogs (D:14)
  2 hungry ghosts
  4 wyverns
  2 hippogriffs
  16 humans
  13 yaks
  A steam dragon (D:10)
  9 vampire mosquitoes
  Menkaure (D:4)
  A mottled dragon (D:14)
  2 soldier ants
  A soldier ant (shapeshifter) (Depths:1)
  A water moccasin (D:8)
  Purgy (D:4)
  4 eyes of draining
  7 orc warriors
  4 sky beasts
  3 phantoms
  2 ice beasts
  3 boggarts (Depths:1)
  12 ogres
  6 centaurs
  2 necrophages (D:6)
  8 big kobolds
  13 giant frogs
  3 gnoll sergeants (D:10)
  4 scorpions
  18 killer bees
  8 wights
  3 howler monkeys (D:10)
  2 electric eels (D:11)
  6 crimson imps
  8 hounds
  2 quasits
  4 giant frog zombies
  5 jellies
  2 giant frog skeletons
  6 orc priests
  11 orc wizards
  4 centaur skeletons
  7 iguanas
  Terence (D:3)
  8 worker ants
  2 sheep (D:13)
  2 hound zombies
  A hound skeleton (D:11)
  2 worker ant zombies
  15 adders
  23 gnolls
  3 river rats (D:9)
  2 shadow imps
  An ooze (D:1)
  An adder zombie (D:8)
  3 adder skeletons
  3 worms
  2 dart slugs
  6 giant geckos
  62 orcs
  5 giant cockroaches
  28 goblins
  30 hobgoblins
  10 jackals
  15 kobolds
  3 quokkas
  32 bats
  14 giant newts
  A jackal skeleton (D:7)
  3 quokka skeletons
  A quokka zombie (D:7)
  18 rats
631 creatures vanquished.

Vanquished Creatures (collateral kills)
  Mara (Depths:1)
  Rupert (D:14)
  4 orcs
6 creatures vanquished.

Vanquished Creatures (others)
  A jelly (D:14)
  6 fulminant prisms
7 creatures vanquished.

Grand Total: 644 creatures vanquished

Action                   |  1- 3 |  4- 6 |  7- 9 | 10-12 | 13-15 || total
-------------------------+-------+-------+-------+-------+-------++-------
Melee: Dagger            |   100 |   191 |   308 |   530 |    86 ||  1215
       Short sword       |       |    35 |       |       |       ||    35
       Rapier            |       |       |       |     1 |   166 ||   167
Throw: Throwing net      |       |     1 |       |       |       ||     1
 Cast: Corona            |     7 |       |       |       |       ||     7
       Ensorcelled Hiber |    10 |   101 |    94 |   180 |    83 ||   468
       Confuse           |       |       |    18 |    77 |    39 ||   134
       Tukima's Dance    |       |       |       |     1 |    10 ||    11
       Dazzling Spray    |       |       |       |       |    14 ||    14
       Fulminant Prism   |       |       |       |       |     6 ||     6
Invok: Shadow Step       |       |       |       |       |    14 ||    14
Evoke: Deck              |       |       |     2 |     2 |       ||     4
       Wand              |       |       |       |     1 |     2 ||     3
       Fan of gales      |       |       |       |       |     1 ||     1
  Use: Scroll            |       |     4 |     6 |    11 |     3 ||    24
       Potion            |       |       |       |       |     3 ||     3
 Stab: Sleeping          |    17 |    82 |   100 |   155 |    94 ||   448
       Distracted        |       |     1 |       |     1 |     1 ||     3
       Confused          |       |       |    15 |    44 |    19 ||    78
       Invisible         |       |       |       |       |     1 ||     1
  Eat: Bread ration      |       |     1 |     1 |     1 |       ||     3
       Fruit             |       |       |       |       |     1 ||     1
       Royal jelly       |       |       |       |       |     1 ||     1
Armor: Robe              |     8 |    15 |    11 |    14 |       ||    48
       Troll leather arm |       |       |       |    25 |     4 ||    29
Dodge: Dodged            |    79 |   230 |   194 |   389 |   124 ||  1016
Block: Buckler           |       |       |       |       |    49 ||    49

Vault maps used:
D:1:      mushboom_english_gardens
D:3:      minmay_goblin_kobold_castle, lemuel_coloured_pillars_altar,
          overflow_temple_1_default, nicolae_dithmenos_through_a_glass_darkly,
          gammafunk_temple_overflow_forgotten, first_bread,
          kennysheep_generic_room_6, uniq_terence
D:4:      grunt_pakellas_salt, nicolae_overflow_hidden_temple,
          old_standard_altar, nicolae_overflow_crystal_walls,
          lemuel_crystal_altar, minmay_temple_entry_fiery, uniq_menkaure,
          uniq_purgy
D:5:      patterned_corridor
D:6:      kennysheep_mini_moat, lemuel_crystal_altar
D:7:      lemuel_crystal_altar, kennysheep_mini, nemelex_deck
D:9:      boulder_corridor_run, grunt_lair_entry_orc_guard_hut
D:10:     kennysheep_orc_monster_closet_entryway, grunt_tengu_nest,
          kennysheep_kite_vault, uniq_joseph
D:11:     due_megacathedral
D:12:     minmay_klotski, serial_shops, nicolae_shop_behind_doors, uniq_sonja
D:14:     thingy_vault, david_vaults_3, serial_shops, nicolae_shop_stone,
          basic_altar, serial_park_tiny_pond, uniq_kirke
D:15:     hangedman_depths_entry_civil_slaughter
Depths:1: hell_entry, serial_sigils_hangedman_carve, pan_entry,
          lemuel_flamethrower_2, uniq_jorgrun, uniq_asterion, uniq_mara
Depths:2: gammafunk_depths_water_palace, enter_ziggurat_a,
          nicolae_abyss_entry_one_way_or_another, hell_entry,
          serial_sigils_hangedman_confine, rand_demon_pan_entry_5,
          kennysheep_just_a_vault
